Rangers vs Panthers (R1)

Created - May 15, 2023 at 20:07

Goals
1 2 3 T
Rangers 2 1 2 5
Panthers 0 3 0 3
Shots
1 2 3 T
Rangers 10 5 15 30
Panthers 7 6 17 30

1st period

1. Rangers , Sean Couturier 31 (Milan Lucic 47, Ryan Strome 24) at 5:31 (PP)
2. Rangers , Sean Couturier 32 (Ryan Strome 25, Milan Lucic 48) at 16:14 (PP)

Penalties :
Milan Lucic (NyR) for Boarding (Minor) at 0:19, Niklas Hansson (Flo) for High sticking (Double Minor) at 4:35, Brian Flynn (Flo) for High sticking (Minor) at 15:00

2nd period

3. Panthers , Thomas Vanek 6 (Will Butcher 26, Niklas Hansson 14) at 0:51
4. Panthers , Alex Iafallo 10 (Kris Versteeg 31) at 1:58 (PP)
5. Rangers , Ondrej Palat 11 (Devante Smith-Pelly 30, Patrik Nemeth 15) at 3:25 (PP)
6. Panthers , Jerry D'Amigo 7 (Thomas Vanek 10) at 7:47

Penalties :
Chris Mcallister (NyR) for Cross-checking (Minor) at 1:52, Bryce Lampman (Flo) for Holding (Minor) at 2:21, Milan Lucic (NyR) for Holding (Minor) at 4:54, Devante Smith-Pelly (NyR) for Holding (Minor) at 8:37, Thomas Vanek (Flo) for Roughing (Minor) at 12:53, Devante Smith-Pelly (NyR) for Hooking (Minor) at 17:39

3rd period

7. Rangers , Maxime Sauvé 7 (Patrik Nemeth 16, Tomas Hertl 27) at 5:04
8. Rangers , Milan Lucic 43 (Patrik Nemeth 17, Ryan Strome 26) at 8:27

Penalties :
Chris Bourque (Flo) for Cross-checking (Minor) at 5:29, Ryan Strome (NyR) for Slashing (Minor) at 5:41, Ryan Strome (NyR) for Holding (Minor) at 9:30, Ryan Strome (NyR) for High sticking (Minor) at 14:31

Goalie Stats

Frederik Andersen (NyR), 27 saves from 30 shots - (0.900), W, 21-22-5, 60:00 minutes
Artyom Zagidulin (Flo), 25 saves from 30 shots - (0.833), L, 0-3-1, 60:00 minutes

Players Stats for Rangers

Player Name              G  A  P  +/- PIM S  H  SB GA TA FO     MP     PP MP  PK MP  
------------------------------------------------------------------------------------
Brett Ponich             0  0  0   0  0   0  2  0  0  0  0/0     9:29   0:00   0:00 
Cale Makar               0  0  0  -1  0   2  0  0  1  0  0/0    20:43   5:15   0:00 
Chris Mcallister         0  0  0   0  2   0  1  2  1  0  0/0    16:41   0:19   5:06 
Devante Smith-Pelly      0  1  1   0  4   3  2  0  0  0  1/2    14:36   2:07   2:06 
Dmitry Kulikov           0  0  0   0  0   1  2  1  0  0  0/0    23:11   2:09   7:05 
Henrik Samuelsson        0  0  0  -1  0   1  1  0  0  1  2/4    10:42   0:21   2:00 
Jake McCabe              0  0  0  -1  0   2  2  4  0  0  0/0    30:05   5:15   7:05 
Josh Gorges              0  0  0   1  0   0  1  0  0  1  0/0    16:06   0:00   5:07 
Maxime Sauvé             1  0  1   0  0   1  0  0  0  0  1/2     5:48   0:00   0:03 
Milan Lucic              1  2  3   1  4   5  1  0  2  1  2/2    24:41   4:37   4:43 
Ondrej Palat             1  0  1  -1  0   2  2  1  0  0  0/0    12:17   2:28   0:57 
Patrik Nemeth            0  3  3   1  0   2  0  0  1  1  0/0    20:26   2:09   5:07 
Richard Panik            0  0  0  -1  0   2  1  1  0  0  0/0     9:03   0:40   0:00 
Ryan Strome              0  3  3   1  6   0  0  0  0  0  1/1    18:38   4:36   0:00 
Sean Couturier           2  0  2   1  0   4  1  0  2  0  20/35  25:32   4:37   6:17 
Stefan Noesen            0  0  0   0  0   2  1  0  0  0  0/0     5:45   0:00   0:00 
T.J Galiardi             0  0  0   0  0   1  2  0  0  0  0/1     6:06   0:19   0:00 
Tomas Hertl              0  1  1   0  0   2  1  1  0  0  6/11   16:04   2:07   3:12 

Players Stats for Panthers

Player Name              G  A  P  +/- PIM S  H  SB GA TA FO     MP     PP MP  PK MP  
------------------------------------------------------------------------------------
Alex Iafallo             1  0  1  -1  0   3  1  0  0  0  0/1    18:14   6:36   0:46 
Alexander Semin          0  0  0   0  0   1  0  0  1  1  0/0    11:44   0:10   4:17 
Brian Flynn              0  0  0   0  2   1  1  0  0  0  7/12   14:24   0:06   0:03 
Bryce Lampman            0  0  0   1  2   1  1  0  0  1  0/0    28:37   7:18   3:21 
Cameron Gaunce           0  0  0   1  0   1  3  4  1  2  0/0    27:06   4:42   3:46 
Chris Bourque            0  0  0  -1  2   2  0  0  0  0  0/3    18:50   5:26   0:00 
Daultan Leveillé         0  0  0   2  0   0  1  0  0  0  2/2     7:39   0:00   0:00 
Drew Stafford            0  0  0   0  0   4  3  1  1  0  3/3    19:55   5:14   2:12 
Jerry D'Amigo            1  0  1   2  0   3  3  0  0  0  1/1     8:27   0:06   0:00 
John Draeger             0  0  0   1  0   0  0  1  0  1  0/0    14:10   0:00   4:22 
Josh Jooris              0  0  0  -1  0   0  0  0  0  1  0/0     8:16   0:12   1:01 
Kris Versteeg            0  1  1  -1  0   1  3  3  0  0  3/9    21:47   6:40   4:17 
Miro Aaltonen            0  0  0  -1  0   4  4  0  0  0  8/24   19:43   6:40   2:12 
Morgan Ellis             0  0  0   1  0   2  0  0  0  0  0/0     9:42   0:00   0:24 
Niklas Hansson           0  1  1  -2  4   0  1  1  0  1  0/0    20:43   4:54   2:38 
Quinton Howden           0  0  0  -1  0   0  1  1  0  0  1/2    12:29   5:26   0:00 
Thomas Vanek             1  1  2   2  2   7  1  0  1  0  0/1     9:13   0:00   0:00 
Will Butcher             0  1  1  -2  0   0  1  0  0  0  0/0    19:45   7:30   0:17 

3 Stars

1 - Sean Couturier (NyR)
2 - Patrik Nemeth (NyR)
3 - Milan Lucic (NyR)

Power Play

Rangers - 3 on 6 Attempt(s) - 50.00%
Panthers - 1 on 8 Attempt(s) - 12.50%

Penalty Kill

Rangers - 7 on 8 Attempt(s) - 87.50% - Score 0 goal in Penalty Kill
Panthers - 3 on 6 Attempt(s) - 50.00% - Score 0 goal in Penalty Kill

Team Stat

Rangers - Hits : 20 - Faceoff Wins : 33 - Blocked Shots : 10 - Penalty Minutes : 16
Panthers - Hits : 24 - Faceoff Wins : 25 - Blocked Shots : 11 - Penalty Minutes : 12

Official

Referees : Francois St. Laurent and Beaudry Halkidis
Linesman : Vaughan Rody and Ryan Galloway

Game Notes

No Game Note

Finance

Level 1 -- Attendance: 5910 (98.50%) -- Ticket Income $591,000
Level 2 -- Attendance: 4202 (84.04%) -- Ticket Income $252,120
Level 3 -- Attendance: 1761 (88.05%) -- Ticket Income $61,635
Level 4 -- Attendance: 3934 (98.35%) -- Ticket Income $98,350
Luxury Box -- Attendance: 893 (89.30%) -- Ticket Income $178,600
Game was played at the BBT Center.
Total Attendance: 16700 (92.78%)
Total Ticket Income: $1,181,705
Other Income: $177,256
Total Income: $1,358,961

Rangers

5 vs 5 Forward 
   Center                   Left Wing                Right Wing               Time % Phy DF OF 
 1 Sean Couturier           Milan Lucic              Ryan Strome              40     1   2  2  
 2 Tomas Hertl              Chris Mcallister         Devante Smith-Pelly      30     1   2  2  
 3 Henrik Samuelsson        Ondrej Palat             Richard Panik            20     1   2  2  
 4 Maxime Sauvé             T.J Galiardi             Stefan Noesen            10     1   2  2  

5 vs 5 Defense 
   Defense                  Defense                                           Time % Phy DF OF 
 1 Cale Makar               Jake McCabe                                       40     1   2  2  
 2 Dmitry Kulikov           Patrik Nemeth                                     30     1   2  2  
 3 Brett Ponich             Josh Gorges                                       20     1   2  2  
 4 Cale Makar               Jake McCabe                                       10     1   2  2  

PowerPlay Forward 
   Center                   Left Wing                Right Wing               Time % Phy DF OF 
 1 Sean Couturier           Milan Lucic              Ryan Strome              60     1   2  2  
 2 Tomas Hertl              Ondrej Palat             Devante Smith-Pelly      40     1   2  2  

PowerPlay Defense
   Defense                  Defense                                           Time % Phy DF OF 
 1 Cale Makar               Jake McCabe                                       60     1   2  2  
 2 Dmitry Kulikov           Patrik Nemeth                                     40     1   2  2  

Penalty Kill 4 Players Forward 
   Center                   Wing                     Time % Phy DF OF 
 1 Sean Couturier           Milan Lucic              60     1   2  2  
 2 Tomas Hertl              Chris Mcallister         40     1   2  2  

Penalty Kill 4 Players Defense
   Defense                  Defense                  Time % Phy DF OF 
 1 Dmitry Kulikov           Jake McCabe              60     1   2  2  
 2 Josh Gorges              Patrik Nemeth            40     1   2  2  

Penalty Kill - 3 Players Forward 
   Forward                                           Time % Phy DF OF 
 1 Sean Couturier                                    60     1   2  2  
 2 Tomas Hertl                                       40     1   2  2  

Penalty Kill - 3 Players Defense
   Defense                  Defense                  Time % Phy DF OF 
 1 Dmitry Kulikov           Jake McCabe              60     1   2  2  
 2 Josh Gorges              Patrik Nemeth            40     1   2  2  

4 vs 4 Forward 
   Center                   Wing                     Time % Phy DF OF 
 1 Sean Couturier           Milan Lucic              60     1   2  2  
 2 Tomas Hertl              Chris Mcallister         40     1   2  2  

4 vs 4 Defense
   Defense                  Defense                  Time % Phy DF OF 
 1 Dmitry Kulikov           Jake McCabe              60     1   2  2  
 2 Josh Gorges              Patrik Nemeth            40     1   2  2  

Last Minutes Offensive
   Center                   Left Wing                Right Wing               Defense                  Defense                  
   Sean Couturier           Milan Lucic              Ryan Strome              Dmitry Kulikov           Jake McCabe              

Last Minutes Defensive
   Center                   Left Wing                Right Wing               Defense                  Defense                  
   Sean Couturier           Milan Lucic              Ryan Strome              Dmitry Kulikov           Jake McCabe              

Goaltenders
Starting : Frederik Andersen        
Backup : Samuel Montembeault      

Extra Forwards
Normal : Devante Smith-Pelly, Chris Mcallister, Ondrej Palat - PP : Devante Smith-Pelly, Chris Mcallister - PK : Devante Smith-Pelly
Extra Defensemen
Normal : Patrik Nemeth, Brett Ponich, Cale Makar - PP : Patrik Nemeth - PK : Patrik Nemeth, Brett Ponich
Penalty Shots
Milan Lucic, Sean Couturier, Tomas Hertl, Ryan Strome, Devante Smith-Pelly

Scratches
Magnus Paajarvi (Healthy)

Panthers

5 vs 5 Forward 
   Center                   Left Wing                Right Wing               Time % Phy DF OF 
 1 Brian Flynn              Chris Bourque            Drew Stafford            40     1   2  2  
 2 Miro Aaltonen            Alex Iafallo             Kris Versteeg            30     1   2  2  
 3 Quinton Howden           Alexander Semin          Josh Jooris              20     1   2  2  
 4 Daultan Leveillé         Thomas Vanek             Jerry D'Amigo            10     1   2  2  

5 vs 5 Defense 
   Defense                  Defense                                           Time % Phy DF OF 
 1 Bryce Lampman            Cameron Gaunce                                    40     1   2  2  
 2 Will Butcher             Niklas Hansson                                    30     1   2  2  
 3 Morgan Ellis             John Draeger                                      20     1   2  2  
 4 Bryce Lampman            Cameron Gaunce                                    10     1   2  2  

PowerPlay Forward 
   Center                   Left Wing                Right Wing               Time % Phy DF OF 
 1 Miro Aaltonen            Alex Iafallo             Kris Versteeg            60     1   2  2  
 2 Quinton Howden           Chris Bourque            Drew Stafford            40     1   2  2  

PowerPlay Defense
   Defense                  Defense                                           Time % Phy DF OF 
 1 Bryce Lampman            Will Butcher                                      60     1   2  2  
 2 Cameron Gaunce           Niklas Hansson                                    40     1   2  2  

Penalty Kill 4 Players Forward 
   Center                   Wing                     Time % Phy DF OF 
 1 Kris Versteeg            Alexander Semin          60     1   2  2  
 2 Drew Stafford            Miro Aaltonen            40     1   2  2  

Penalty Kill 4 Players Defense
   Defense                  Defense                  Time % Phy DF OF 
 1 Niklas Hansson           John Draeger             60     1   2  2  
 2 Bryce Lampman            Cameron Gaunce           40     1   2  2  

Penalty Kill - 3 Players Forward 
   Forward                                           Time % Phy DF OF 
 1 Kris Versteeg                                     60     1   2  2  
 2 Alexander Semin                                   40     1   2  2  

Penalty Kill - 3 Players Defense
   Defense                  Defense                  Time % Phy DF OF 
 1 Niklas Hansson           John Draeger             60     1   2  2  
 2 Bryce Lampman            Cameron Gaunce           40     1   2  2  

4 vs 4 Forward 
   Center                   Wing                     Time % Phy DF OF 
 1 Brian Flynn              Thomas Vanek             60     1   2  2  
 2 Miro Aaltonen            Alex Iafallo             40     1   2  2  

4 vs 4 Defense
   Defense                  Defense                  Time % Phy DF OF 
 1 Bryce Lampman            Cameron Gaunce           60     1   2  2  
 2 Will Butcher             Niklas Hansson           40     1   2  2  

Last Minutes Offensive
   Center                   Left Wing                Right Wing               Defense                  Defense                  
   Miro Aaltonen            Alex Iafallo             Kris Versteeg            Will Butcher             Cameron Gaunce           

Last Minutes Defensive
   Center                   Left Wing                Right Wing               Defense                  Defense                  
   Miro Aaltonen            Alexander Semin          Kris Versteeg            Niklas Hansson           John Draeger             

Goaltenders
Starting : Artyom Zagidulin         
Backup : Ville Husso              

Extra Forwards
Normal : Quinton Howden, Chris Bourque, Josh Jooris - PP : Quinton Howden, Chris Bourque - PK : Josh Jooris
Extra Defensemen
Normal : Cameron Gaunce, Niklas Hansson, Bryce Lampman - PP : Cameron Gaunce - PK : Niklas Hansson, Bryce Lampman
Penalty Shots
Bryce Lampman, Niklas Hansson, Will Butcher, Josh Jooris, Chris Bourque

Scratches
Alex Goligoski (Healthy), Dave Bolland (Healthy), Shea Weber (Healthy), Viktor Fasth (Healthy)

% Time on Ice - Rangers

Lines # - Real PCT - Wanted PCT - Time Play
Normal Forward
1 - 38% - 40% - 14:34
2 - 26% - 30% - 9:57
3 - 22% - 20% - 8:21
4 - 15% - 10% - 5:45
Normal Defense
1 - 43% - 40% - 16:30
2 - 33% - 30% - 12:48
3 - 24% - 20% - 9:19
4 - 0% - 10% - 0:00
PP Forward
1 - 67% - 60% - 4:56
2 - 33% - 40% - 2:28
PP Defense
1 - 71% - 60% - 5:15
2 - 29% - 40% - 2:09
PK Forward
1 - 74% - 60% - 9:00
2 - 26% - 40% - 3:12
PK Defense
1 - 58% - 60% - 7:05
2 - 42% - 40% - 5:07
PK3 Forward
1 - 0% - 60%
2 - 0% - 40%
PK3 Defense
1 - 0% - 60%
2 - 0% - 40%
44 Forward
1 - 55% - 60% - 0:59
2 - 45% - 40% - 0:48
44 Defense
1 - 79% - 60% - 1:25
2 - 21% - 40% - 0:22
Last Minute Offensive  - 0:00
Last Minute Defensive  - 0:00
Total
Forward - 60:00
Defense - 60:00

% Time on Ice - Panthers

Lines # - Real PCT - Wanted PCT - Time Play
Normal Forward
1 - 37% - 40% - 14:15
2 - 28% - 30% - 10:42
3 - 16% - 20% - 6:01
4 - 20% - 10% - 7:39
Normal Defense
1 - 44% - 40% - 16:48
2 - 31% - 30% - 12:05
3 - 24% - 20% - 9:18
4 - 1% - 10% - 0:26
PP Forward
1 - 57% - 60% - 6:58
2 - 43% - 40% - 5:14
PP Defense
1 - 60% - 60% - 7:18
2 - 40% - 40% - 4:54
PK Forward
1 - 70% - 60% - 5:12
2 - 30% - 40% - 2:12
PK Defense
1 - 62% - 60% - 4:37
2 - 38% - 40% - 2:47
PK3 Forward
1 - 0% - 60%
2 - 0% - 40%
PK3 Defense
1 - 0% - 60%
2 - 0% - 40%
44 Forward
1 - 66% - 60% - 1:11
2 - 34% - 40% - 0:36
44 Defense
1 - 70% - 60% - 1:15
2 - 30% - 40% - 0:32
Last Minute Offensive  - 0:00
Last Minute Defensive  - 0:00
Total
Forward - 60:00
Defense - 60:00

Play-by-Play

1st period


0:01 of 1st period - Brian Flynn wins face-off versus Sean Couturier in neutral zone.
0:19 of 1st period - Minor Penalty to Milan Lucic for Boarding.
0:20 of 1st period - Sean Couturier wins face-off versus Miro Aaltonen in Rangers zone.
0:30 of 1st period - Wrist shot by Miro Aaltonen.
0:30 of 1st period - Shot Blocked by Jake McCabe.
1:57 of 1st period - Tomas Hertl is hit by Drew Stafford and loses puck.
2:16 of 1st period - Dmitry Kulikov is hit by Kris Versteeg.
2:19 of 1st period - Penalty to Milan Lucic is over, Milan Lucic is back on ice.
2:54 of 1st period - Snap shot by Stefan Noesen.
2:54 of 1st period - Stopped by Artyom Zagidulin without a rebound.
2:55 of 1st period - Quinton Howden wins face-off versus T.J Galiardi in Panthers zone.
3:39 of 1st period - Cale Makar is hit by Daultan Leveillé and loses puck.
3:48 of 1st period - Snap shot by Thomas Vanek.
3:48 of 1st period - Shot Misses the Net.
3:50 of 1st period - Slapshot by Will Butcher.
3:50 of 1st period - Deflect By Thomas Vanek.
3:50 of 1st period - Shot Misses the Net.
3:50 of 1st period - Puck is out of play.
3:51 of 1st period - Tomas Hertl wins face-off versus Alex Iafallo in Rangers zone.
4:04 of 1st period - Wrist shot by Devante Smith-Pelly.
4:04 of 1st period - Stopped by Artyom Zagidulin with a rebound.
4:16 of 1st period - Will Butcher is hit by Sean Couturier and loses puck.
4:27 of 1st period - Snap shot by Milan Lucic.
4:27 of 1st period - Shot Misses the Net.
4:35 of 1st period - Double Minor Penalty to Niklas Hansson for High sticking.
4:36 of 1st period - Sean Couturier wins face-off versus Kris Versteeg in Panthers zone.
5:31 of 1st period - Slapshot by Sean Couturier.
5:31 of 1st period - Goal by Sean Couturier - Rangers : 1 - Panthers : 0.
5:32 of 1st period - Kris Versteeg wins face-off versus Tomas Hertl in neutral zone.
5:40 of 1st period - John Draeger is hit by Dmitry Kulikov and loses puck.
7:28 of 1st period - Bryce Lampman is hit by T.J Galiardi and loses puck.
7:31 of 1st period - Penalty to Niklas Hansson is over, Niklas Hansson is back on ice.
8:31 of 1st period - Wrist shot by Miro Aaltonen.
8:31 of 1st period - Shot Misses the Net.
9:15 of 1st period - Icing by Richard Panik.
9:16 of 1st period - Tomas Hertl wins face-off versus Miro Aaltonen in Rangers zone.
9:48 of 1st period - Snap shot by Alexander Semin.
9:48 of 1st period - Stopped by Frederik Andersen without a rebound.
9:49 of 1st period - Brian Flynn wins face-off versus Sean Couturier in Rangers zone.
10:36 of 1st period - Henrik Samuelsson is hit by Kris Versteeg and loses puck.
10:41 of 1st period - Wrist shot by Kris Versteeg.
10:41 of 1st period - Deflect By Miro Aaltonen.
10:41 of 1st period - Shot Blocked by Richard Panik.
10:41 of 1st period - Puck is out of play.
10:42 of 1st period - Milan Lucic wins face-off versus Chris Bourque in Rangers zone.
10:42 of 1st period - Ryan Strome is hit by Drew Stafford and loses puck.
11:08 of 1st period - Dmitry Kulikov is hit by Alex Iafallo and loses puck.
12:34 of 1st period - Slapshot by Tomas Hertl.
12:34 of 1st period - Shot Misses the Net.
12:36 of 1st period - Wrist shot by Tomas Hertl.
12:36 of 1st period - Stopped by Artyom Zagidulin with a rebound.
12:38 of 1st period - Wrist shot by Chris Mcallister.
12:38 of 1st period - Shot Misses the Net.
12:54 of 1st period - Sean Couturier is hit by Quinton Howden and loses puck.
13:17 of 1st period - Snap shot by Brian Flynn.
13:17 of 1st period - Stopped by Frederik Andersen without a rebound.
13:18 of 1st period - Brian Flynn wins face-off versus Tomas Hertl in Rangers zone.
13:21 of 1st period - Wrist shot by Drew Stafford.
13:21 of 1st period - Stopped by Frederik Andersen with a rebound.
13:23 of 1st period - Snap shot by Bryce Lampman.
13:23 of 1st period - Shot Blocked by Tomas Hertl.
13:25 of 1st period - Wrist shot by Drew Stafford.
13:25 of 1st period - Stopped by Frederik Andersen without a rebound.
13:26 of 1st period - Drew Stafford wins face-off versus Tomas Hertl in Rangers zone.
13:29 of 1st period - Snap shot by Drew Stafford.
13:29 of 1st period - Stopped by Frederik Andersen with a rebound.
15:00 of 1st period - Minor Penalty to Brian Flynn for High sticking.
15:01 of 1st period - Kris Versteeg wins face-off versus Sean Couturier in Panthers zone.
15:56 of 1st period - Wrist shot by Richard Panik.
15:56 of 1st period - Stopped by Artyom Zagidulin without a rebound.
15:57 of 1st period - Henrik Samuelsson wins face-off versus Kris Versteeg in Panthers zone.
16:04 of 1st period - Snap shot by Richard Panik.
16:04 of 1st period - Stopped by Artyom Zagidulin without a rebound.
16:05 of 1st period - Sean Couturier wins face-off versus Kris Versteeg in Panthers zone.
16:08 of 1st period - Snap shot by Milan Lucic.
16:08 of 1st period - Shot Blocked by Kris Versteeg.
16:12 of 1st period - Slapshot by Ryan Strome.
16:12 of 1st period - Shot Misses the Net.
16:14 of 1st period - Wrist shot by Sean Couturier.
16:14 of 1st period - Goal by Sean Couturier - Rangers : 2 - Panthers : 0.
16:15 of 1st period - Milan Lucic wins face-off versus Miro Aaltonen in neutral zone.
17:51 of 1st period - Wrist shot by Kris Versteeg.
17:51 of 1st period - Deflect By Miro Aaltonen.
17:51 of 1st period - Shot Misses the Net.
17:51 of 1st period - Puck is out of play.
17:52 of 1st period - Sean Couturier wins face-off versus Miro Aaltonen in Rangers zone.
17:57 of 1st period - Snap shot by Miro Aaltonen.
17:57 of 1st period - Stopped by Frederik Andersen with a rebound.
18:15 of 1st period - Slapshot by Miro Aaltonen.
18:15 of 1st period - Shot Blocked by Jake McCabe.
18:23 of 1st period - Wrist shot by Milan Lucic.
18:23 of 1st period - Deflect By Sean Couturier.
18:23 of 1st period - Stopped by Artyom Zagidulin with a rebound.
18:25 of 1st period - Slapshot by Jake McCabe.
18:25 of 1st period - Stopped by Artyom Zagidulin with a rebound.
18:27 of 1st period - Wrist shot by Cale Makar.
18:27 of 1st period - Shot Blocked by John Draeger.
18:29 of 1st period - Snap shot by Sean Couturier.
18:29 of 1st period - Shot Misses the Net.
18:41 of 1st period - Slapshot by Milan Lucic.
18:41 of 1st period - Stopped by Artyom Zagidulin without a rebound.
18:42 of 1st period - Drew Stafford wins face-off versus Henrik Samuelsson in Panthers zone.
19:11 of 1st period - Snap shot by Chris Bourque.
19:11 of 1st period - Stopped by Frederik Andersen with a rebound.
Goals for this period are 2 for Rangers vs 0 for Panthers.
Shots for this period are 10 for Rangers vs 7 for Panthers.

2nd period


0:01 of 2nd period - Miro Aaltonen wins face-off versus Sean Couturier in neutral zone.
0:33 of 2nd period - Wrist shot by Drew Stafford.
0:33 of 2nd period - Stopped by Frederik Andersen with a rebound.
0:37 of 2nd period - Snap shot by Chris Bourque.
0:37 of 2nd period - Shot Misses the Net.
0:51 of 2nd period - Slapshot by Thomas Vanek.
0:51 of 2nd period - Goal by Thomas Vanek - Rangers : 2 - Panthers : 1.
0:52 of 2nd period - Brian Flynn wins face-off versus Sean Couturier in neutral zone.
1:18 of 2nd period - Kris Versteeg is hit by Ondrej Palat.
1:52 of 2nd period - Minor Penalty to Chris Mcallister for Cross-checking.
1:53 of 2nd period - Kris Versteeg wins face-off versus Sean Couturier in Rangers zone.
1:56 of 2nd period - Wrist shot by Kris Versteeg.
1:56 of 2nd period - Shot Blocked by Dmitry Kulikov.
1:58 of 2nd period - Wrist shot by Alex Iafallo.
1:58 of 2nd period - Goal by Alex Iafallo - Rangers : 2 - Panthers : 2.
1:59 of 2nd period - Sean Couturier wins face-off versus Brian Flynn in neutral zone.
2:06 of 2nd period - Snap shot by Milan Lucic.
2:06 of 2nd period - Stopped by Artyom Zagidulin without a rebound.
2:07 of 2nd period - Sean Couturier wins face-off versus Brian Flynn in Panthers zone.
2:21 of 2nd period - Minor Penalty to Bryce Lampman for Holding.
2:22 of 2nd period - Sean Couturier wins face-off versus Kris Versteeg in Panthers zone.
2:45 of 2nd period - Niklas Hansson is hit by Jake McCabe and loses puck.
3:25 of 2nd period - Wrist shot by Ondrej Palat.
3:25 of 2nd period - Goal by Ondrej Palat - Rangers : 3 - Panthers : 2.
3:26 of 2nd period - Tomas Hertl wins face-off versus Miro Aaltonen in neutral zone.
3:31 of 2nd period - Bryce Lampman is hit by Devante Smith-Pelly.
3:51 of 2nd period - Bryce Lampman is hit by Ondrej Palat and loses puck.
4:02 of 2nd period - Bryce Lampman is hit by Henrik Samuelsson and loses puck.
4:37 of 2nd period - Patrik Nemeth is hit by Will Butcher and loses puck.
4:54 of 2nd period - Minor Penalty to Milan Lucic for Holding.
4:55 of 2nd period - Miro Aaltonen wins face-off versus Sean Couturier in Rangers zone.
4:56 of 2nd period - Snap shot by Kris Versteeg.
4:56 of 2nd period - Stopped by Frederik Andersen without a rebound.
4:57 of 2nd period - Sean Couturier wins face-off versus Miro Aaltonen in Rangers zone.
5:27 of 2nd period - Sean Couturier is hit by Drew Stafford and loses puck.
6:54 of 2nd period - Penalty to Milan Lucic is over, Milan Lucic is back on ice.
6:58 of 2nd period - Ondrej Palat is hit by Jerry D'Amigo and loses puck.
7:11 of 2nd period - Slapshot by Jerry D'Amigo.
7:11 of 2nd period - Shot Misses the Net.
7:31 of 2nd period - Snap shot by Stefan Noesen.
7:31 of 2nd period - Stopped by Artyom Zagidulin without a rebound.
7:32 of 2nd period - Brian Flynn wins face-off versus Sean Couturier in Panthers zone.
7:45 of 2nd period - Backhand shot by Thomas Vanek.
7:45 of 2nd period - Shot Misses the Net.
7:47 of 2nd period - Wrist shot by Jerry D'Amigo.
7:47 of 2nd period - Goal by Jerry D'Amigo - Rangers : 3 - Panthers : 3.
7:48 of 2nd period - Ryan Strome wins face-off versus Brian Flynn in neutral zone.
7:51 of 2nd period - Brian Flynn is hit by Milan Lucic and loses puck.
8:00 of 2nd period - Ryan Strome is hit by Brian Flynn and loses puck.
8:20 of 2nd period - Wrist shot by Sean Couturier.
8:20 of 2nd period - Shot Blocked by Cameron Gaunce.
8:37 of 2nd period - Minor Penalty to Devante Smith-Pelly for Holding.
8:38 of 2nd period - Miro Aaltonen wins face-off versus Sean Couturier in Rangers zone.
8:43 of 2nd period - Snap shot by Miro Aaltonen.
8:43 of 2nd period - Shot Misses the Net.
8:45 of 2nd period - Slapshot by Bryce Lampman.
8:45 of 2nd period - Shot Misses the Net.
9:03 of 2nd period - Will Butcher is hit by Chris Mcallister and loses puck.
10:37 of 2nd period - Penalty to Devante Smith-Pelly is over, Devante Smith-Pelly is back on ice.
10:48 of 2nd period - Brett Ponich is hit by Thomas Vanek and loses puck.
11:21 of 2nd period - Snap shot by Devante Smith-Pelly.
11:21 of 2nd period - Shot Misses the Net.
12:46 of 2nd period - Wrist shot by Stefan Noesen.
12:46 of 2nd period - Deflect By T.J Galiardi.
12:46 of 2nd period - Shot Misses the Net.
12:46 of 2nd period - Puck is out of play.
12:47 of 2nd period - Daultan Leveillé wins face-off versus Maxime Sauvé in Panthers zone.
12:53 of 2nd period - Minor Penalty to Thomas Vanek for Roughing.
12:54 of 2nd period - Sean Couturier wins face-off versus Kris Versteeg in Panthers zone.
13:04 of 2nd period - Slapshot by Cale Makar.
13:04 of 2nd period - Shot Hit the Post.
13:06 of 2nd period - Backhand shot by Jake McCabe.
13:06 of 2nd period - Shot Blocked by Niklas Hansson.
13:08 of 2nd period - Slapshot by Jake McCabe.
13:08 of 2nd period - Deflect By Kris Versteeg.
13:08 of 2nd period - Stopped by Artyom Zagidulin with a rebound.
13:10 of 2nd period - Snap shot by Milan Lucic.
13:10 of 2nd period - Shot Misses the Net.
14:53 of 2nd period - Penalty to Thomas Vanek is over, Thomas Vanek is back on ice.
15:12 of 2nd period - Thomas Vanek is hit by T.J Galiardi.
15:22 of 2nd period - Slapshot by Thomas Vanek.
15:22 of 2nd period - Stopped by Frederik Andersen without a rebound.
15:23 of 2nd period - Henrik Samuelsson wins face-off versus Chris Bourque in Rangers zone.
15:55 of 2nd period - Snap shot by Ryan Strome.
15:55 of 2nd period - Shot Misses the Net.
16:11 of 2nd period - Will Butcher is hit by Stefan Noesen and loses puck.
16:40 of 2nd period - Off-side.
16:41 of 2nd period - Miro Aaltonen wins face-off versus Sean Couturier in neutral zone.
17:22 of 2nd period - Snap shot by Sean Couturier.
17:22 of 2nd period - Stopped by Artyom Zagidulin with a rebound.
17:24 of 2nd period - Snap shot by Milan Lucic.
17:24 of 2nd period - Deflect By Ryan Strome.
17:24 of 2nd period - Shot Misses the Net.
17:24 of 2nd period - Puck is out of play.
17:25 of 2nd period - Tomas Hertl wins face-off versus Miro Aaltonen in Panthers zone.
17:39 of 2nd period - Minor Penalty to Devante Smith-Pelly for Hooking.
17:40 of 2nd period - Sean Couturier wins face-off versus Miro Aaltonen in Rangers zone.
17:40 of 2nd period - Sean Couturier is hit by Miro Aaltonen.
17:50 of 2nd period - Sean Couturier is hit by Miro Aaltonen and loses puck.
17:55 of 2nd period - Snap shot by Kris Versteeg.
17:55 of 2nd period - Shot Misses the Net.
18:51 of 2nd period - Tomas Hertl is hit by Niklas Hansson.
19:39 of 2nd period - Penalty to Devante Smith-Pelly is over, Devante Smith-Pelly is back on ice.
19:48 of 2nd period - Maxime Sauvé is hit by Jerry D'Amigo and loses puck.
19:55 of 2nd period - Niklas Hansson is hit by Jake McCabe and loses puck.
Goals for this period are 1 for Rangers vs 3 for Panthers.
Shots for this period are 5 for Rangers vs 6 for Panthers.

3rd period


0:01 of 3rd period - Sean Couturier wins face-off versus Miro Aaltonen in neutral zone.
0:03 of 3rd period - Cale Makar is hit by Cameron Gaunce and loses puck.
0:16 of 3rd period - Snap shot by Alex Iafallo.
0:16 of 3rd period - Stopped by Frederik Andersen with a rebound.
0:26 of 3rd period - Ryan Strome is hit by Bryce Lampman and loses puck.
0:51 of 3rd period - Slapshot by Chris Bourque.
0:51 of 3rd period - Deflect By Milan Lucic.
0:51 of 3rd period - Stopped by Frederik Andersen with a rebound.
1:11 of 3rd period - Slapshot by Dmitry Kulikov.
1:11 of 3rd period - Stopped by Artyom Zagidulin without a rebound.
1:12 of 3rd period - Tomas Hertl wins face-off versus Miro Aaltonen in Panthers zone.
2:35 of 3rd period - Snap shot by Henrik Samuelsson.
2:35 of 3rd period - Deflect By Ondrej Palat.
2:35 of 3rd period - Stopped by Artyom Zagidulin with a rebound.
2:45 of 3rd period - Wrist shot by Thomas Vanek.
2:45 of 3rd period - Stopped by Frederik Andersen with a rebound.
2:47 of 3rd period - Wrist shot by Morgan Ellis.
2:47 of 3rd period - Stopped by Frederik Andersen with a rebound.
2:49 of 3rd period - Wrist shot by Daultan Leveillé.
2:49 of 3rd period - Shot Misses the Net.
2:51 of 3rd period - Snap shot by Jerry D'Amigo.
2:51 of 3rd period - Shot Hit the Post.
2:53 of 3rd period - Slapshot by Morgan Ellis.
2:53 of 3rd period - Stopped by Frederik Andersen with a rebound.
3:07 of 3rd period - Wrist shot by Thomas Vanek.
3:07 of 3rd period - Stopped by Frederik Andersen with a rebound.
3:09 of 3rd period - Snap shot by Jerry D'Amigo.
3:09 of 3rd period - Shot Misses the Net.
3:11 of 3rd period - Slapshot by Jerry D'Amigo.
3:11 of 3rd period - Shot Blocked by Jake McCabe.
3:22 of 3rd period - Slapshot by John Draeger.
3:22 of 3rd period - Deflect By Thomas Vanek.
3:22 of 3rd period - Shot Blocked by Ondrej Palat.
3:22 of 3rd period - Puck is out of play.
3:23 of 3rd period - Sean Couturier wins face-off versus Brian Flynn in Rangers zone.
4:09 of 3rd period - Miro Aaltonen is hit by Brett Ponich and loses puck.
4:16 of 3rd period - Brett Ponich is hit by Cameron Gaunce and loses puck.
4:37 of 3rd period - Snap shot by Milan Lucic.
4:37 of 3rd period - Deflect By Will Butcher.
4:37 of 3rd period - Shot Blocked by Drew Stafford.
4:37 of 3rd period - Puck is out of play.
4:38 of 3rd period - Brian Flynn wins face-off versus Devante Smith-Pelly in Panthers zone.
4:38 of 3rd period - Brian Flynn is hit by Tomas Hertl.
5:00 of 3rd period - Slapshot by Patrik Nemeth.
5:00 of 3rd period - Stopped by Artyom Zagidulin with a rebound.
5:02 of 3rd period - Slapshot by Maxime Sauvé.
5:02 of 3rd period - Shot Blocked by Kris Versteeg.
5:04 of 3rd period - Wrist shot by Maxime Sauvé.
5:04 of 3rd period - Goal by Maxime Sauvé - Rangers : 4 - Panthers : 3.
5:05 of 3rd period - Devante Smith-Pelly wins face-off versus Miro Aaltonen in neutral zone.
5:08 of 3rd period - Slapshot by Dmitry Kulikov.
5:08 of 3rd period - Shot Blocked by Cameron Gaunce.
5:10 of 3rd period - Slapshot by Patrik Nemeth.
5:10 of 3rd period - Shot Blocked by Kris Versteeg.
5:12 of 3rd period - Slapshot by Chris Mcallister.
5:12 of 3rd period - Shot Misses the Net.
5:22 of 3rd period - Wrist shot by Devante Smith-Pelly.
5:22 of 3rd period - Stopped by Artyom Zagidulin with a rebound.
5:29 of 3rd period - Minor Penalty to Chris Bourque for Cross-checking.
5:30 of 3rd period - Sean Couturier wins face-off versus Kris Versteeg in Panthers zone.
5:35 of 3rd period - Slapshot by Cale Makar.
5:35 of 3rd period - Stopped by Artyom Zagidulin with a rebound.
5:41 of 3rd period - Minor Penalty to Ryan Strome for Slashing.
5:42 of 3rd period - Sean Couturier wins face-off versus Thomas Vanek in Rangers zone.
6:25 of 3rd period - Backhand shot by Miro Aaltonen.
6:25 of 3rd period - Stopped by Frederik Andersen with a rebound.
6:27 of 3rd period - Slapshot by Bryce Lampman.
6:27 of 3rd period - Stopped by Frederik Andersen with a rebound.
6:29 of 3rd period - Wrist shot by Alex Iafallo.
6:29 of 3rd period - Shot Misses the Net.
6:31 of 3rd period - Slapshot by Bryce Lampman.
6:31 of 3rd period - Shot Blocked by Chris Mcallister.
6:33 of 3rd period - Slapshot by Cameron Gaunce.
6:33 of 3rd period - Stopped by Frederik Andersen without a rebound.
6:34 of 3rd period - Brian Flynn wins face-off versus Sean Couturier in Rangers zone.
7:03 of 3rd period - Chris Mcallister is hit by Miro Aaltonen and loses puck.
7:08 of 3rd period - Snap shot by Alex Iafallo.
7:08 of 3rd period - Stopped by Frederik Andersen with a rebound.
7:29 of 3rd period - Penalty to Chris Bourque is over, Chris Bourque is back on ice.
7:41 of 3rd period - Penalty to Ryan Strome is over, Ryan Strome is back on ice.
7:46 of 3rd period - Niklas Hansson is hit by Josh Gorges and loses puck.
8:19 of 3rd period - Slapshot by Patrik Nemeth.
8:19 of 3rd period - Shot Blocked by Quinton Howden.
8:21 of 3rd period - Slapshot by Patrik Nemeth.
8:21 of 3rd period - Stopped by Artyom Zagidulin with a rebound.
8:25 of 3rd period - Snap shot by Milan Lucic.
8:25 of 3rd period - Stopped by Artyom Zagidulin with a rebound.
8:27 of 3rd period - Snap shot by Milan Lucic.
8:27 of 3rd period - Goal by Milan Lucic - Rangers : 5 - Panthers : 3.
8:28 of 3rd period - Miro Aaltonen wins face-off versus Tomas Hertl in neutral zone.
9:01 of 3rd period - Wrist shot by Ondrej Palat.
9:01 of 3rd period - Shot Blocked by Cameron Gaunce.
9:03 of 3rd period - Wrist shot by Dmitry Kulikov.
9:03 of 3rd period - Shot Blocked by Cameron Gaunce.
9:05 of 3rd period - Snap shot by Henrik Samuelsson.
9:05 of 3rd period - Stopped by Artyom Zagidulin without a rebound.
9:06 of 3rd period - Drew Stafford wins face-off versus Tomas Hertl in Panthers zone.
9:23 of 3rd period - Snap shot by Devante Smith-Pelly.
9:23 of 3rd period - Stopped by Artyom Zagidulin without a rebound.
9:24 of 3rd period - Sean Couturier wins face-off versus Miro Aaltonen in Panthers zone.
9:29 of 3rd period - Wrist shot by Milan Lucic.
9:29 of 3rd period - Shot Misses the Net.
9:30 of 3rd period - Minor Penalty to Ryan Strome for Holding.
9:31 of 3rd period - Sean Couturier wins face-off versus Miro Aaltonen in Rangers zone.
9:31 of 3rd period - Sean Couturier is hit by Kris Versteeg.
9:40 of 3rd period - Off-side.
9:41 of 3rd period - Miro Aaltonen wins face-off versus Sean Couturier in neutral zone.
9:45 of 3rd period - Off-side.
9:46 of 3rd period - Sean Couturier wins face-off versus Miro Aaltonen in neutral zone.
10:11 of 3rd period - Drew Stafford is hit by Dmitry Kulikov and loses puck.
11:30 of 3rd period - Penalty to Ryan Strome is over, Ryan Strome is back on ice.
11:34 of 3rd period - Josh Gorges is hit by Cameron Gaunce and loses puck.
11:53 of 3rd period - Patrik Nemeth is hit by Jerry D'Amigo and loses puck.
12:00 of 3rd period - Wrist shot by Jerry D'Amigo.
12:00 of 3rd period - Stopped by Frederik Andersen without a rebound.
12:01 of 3rd period - Daultan Leveillé wins face-off versus Henrik Samuelsson in Rangers zone.
12:02 of 3rd period - Wrist shot by Thomas Vanek.
12:02 of 3rd period - Stopped by Frederik Andersen with a rebound.
12:08 of 3rd period - Thomas Vanek is hit by Richard Panik and loses puck.
12:39 of 3rd period - Off-side.
12:40 of 3rd period - Maxime Sauvé wins face-off versus Miro Aaltonen in neutral zone.
12:51 of 3rd period - Slapshot by T.J Galiardi.
12:51 of 3rd period - Stopped by Artyom Zagidulin with a rebound.
13:14 of 3rd period - Backhand shot by Cale Makar.
13:14 of 3rd period - Stopped by Artyom Zagidulin with a rebound.
13:17 of 3rd period - Icing by Bryce Lampman.
13:18 of 3rd period - Sean Couturier wins face-off versus Brian Flynn in Panthers zone.
13:31 of 3rd period - Wrist shot by Milan Lucic.
13:31 of 3rd period - Stopped by Artyom Zagidulin with a rebound.
14:07 of 3rd period - Wrist shot by Jerry D'Amigo.
14:07 of 3rd period - Stopped by Frederik Andersen without a rebound.
14:08 of 3rd period - Jerry D'Amigo wins face-off versus Sean Couturier in Rangers zone.
14:23 of 3rd period - Snap shot by Jerry D'Amigo.
14:23 of 3rd period - Shot Misses the Net.
14:25 of 3rd period - Slapshot by Niklas Hansson.
14:25 of 3rd period - Shot Misses the Net.
14:31 of 3rd period - Minor Penalty to Ryan Strome for High sticking.
14:32 of 3rd period - Miro Aaltonen wins face-off versus Sean Couturier in Rangers zone.
14:35 of 3rd period - Snap shot by Miro Aaltonen.
14:35 of 3rd period - Stopped by Frederik Andersen without a rebound.
14:36 of 3rd period - Miro Aaltonen wins face-off versus Sean Couturier in Rangers zone.
14:43 of 3rd period - Slapshot by Miro Aaltonen.
14:43 of 3rd period - Stopped by Frederik Andersen without a rebound.
14:44 of 3rd period - Sean Couturier wins face-off versus Miro Aaltonen in Rangers zone.
14:57 of 3rd period - Wrist shot by Miro Aaltonen.
14:57 of 3rd period - Shot Blocked by Jake McCabe.
15:41 of 3rd period - Slapshot by Tomas Hertl.
15:41 of 3rd period - Stopped by Artyom Zagidulin without a rebound.
15:42 of 3rd period - Tomas Hertl wins face-off versus Chris Bourque in Panthers zone.
16:09 of 3rd period - Josh Gorges is hit by Miro Aaltonen and loses puck.
16:31 of 3rd period - Penalty to Ryan Strome is over, Ryan Strome is back on ice.
16:49 of 3rd period - Slapshot by Cale Makar.
16:49 of 3rd period - Shot Misses the Net.
17:48 of 3rd period - Snap shot by Ryan Strome.
17:48 of 3rd period - Shot Misses the Net.
18:12 of 3rd period - Wrist shot by Thomas Vanek.
18:12 of 3rd period - Stopped by Frederik Andersen with a rebound.
18:14 of 3rd period - Slapshot by Thomas Vanek.
18:14 of 3rd period - Stopped by Frederik Andersen with a rebound.
18:16 of 3rd period - Slapshot by Cameron Gaunce.
18:16 of 3rd period - Shot Blocked by Chris Mcallister.
18:47 of 3rd period - Off-side.
18:48 of 3rd period - Sean Couturier wins face-off versus Quinton Howden in neutral zone.
19:14 of 3rd period - Alex Iafallo is hit by Brett Ponich and loses puck.
19:57 of 3rd period - Cameron Gaunce is hit by Devante Smith-Pelly and loses puck.
Goals for this period are 2 for Rangers vs 0 for Panthers.
Shots for this period are 15 for Rangers vs 17 for Panthers.